 Dungeon Crawl Stone Soup version 0.26-a0-1107-g6118521029 (webtiles) character file.

Game seed: 1609291869180784115

43173 sokol815 the Destroyer (level 14, -10/99 (102) HPs)
             Began as an Octopode Conjurer on Dec 16, 2020.
             Was an Initiate of Gozag.
             Hit by a javelin thrown by a minotaur (31 damage)
             ... in a Gauntlet on Dec 17, 2020.
             The game lasted 01:25:17 (24116 turns).

sokol815 the Destroyer (Octopode Conjurer)         Turns: 24116, Time: 01:25:18

HP:   -10/99 (102)  AC:  8    Str:  2    XL:     14   Next: 23%
MP:   28/28         EV: 15    Int: 25    God:    Gozag
Gold: 706           SH: 18    Dex: 11    Spells: 11/23 levels left

rFire    + + .     SeeInvis .   a - +3 Elemental Staff {rElec rF++ rC++ Will++ AC+5}
rCold    + + +     Faith    .   Q - +0 tower shield
rNeg     . . .     Spirit   .   U - +2 hat
rPois    .         Reflect  +   N - amulet of reflection
rElec    +         Harm     .   k - ring of willpower
rCorr    +         Rampage  .   y - ring of magical power {MP+9}
Will     +++++     NoTele   +   X - ring of flight {+Fly, !d}
Stlth    +++++++...             A - ring of willpower
HPRegen  0.66/turn              R - ring of wizardry {Wiz+, !d}
MPRegen  0.21/turn              i - ring of stealth {Stlth+}
                                v - ring of Beogh's Envy {rC++ Will+ rCorr Str-4 Stlth+}
                                p - +4 ring of slaying

@: lightly drained
A: almost no armour, stealthy swim, amphibious, 8 rings, constrict 8, camouflage
1, low mp 1, regeneration 1, robust 1, gelatinous body 1
a: Potion Petition, Call Merchant, Bribe Branch, Renounce Religion, Evoke Flight


You were in a Gauntlet.
You worshipped Gozag.
Gozag was pleased with you.
You visited 3 branches of the dungeon, and saw 18 of its levels.
You also visited: Gauntlet.

You collected 4551 gold pieces.
You spent 2481 gold pieces at shops.
You paid 1364 gold pieces to Gozag.

Inventory:

Hand Weapons
 a - the +3 Elemental Staff (weapon) {rElec rF++ rC++ Will++ AC+5}
   (You bought it in a shop on level 9 of the Dungeon)

   It affects your AC (+5).
   It greatly protects you from fire.
   It greatly protects you from cold.
   It insulates you from electricity.
   It affects your willpower, your defense against some magical effects.
 b - the +4 long sword "Umakim" {flame, Int+3}
   (You bought it in a shop on level 9 of the Dungeon)

   It has been specially enchanted to burn those struck by it, causing extra
   injury to most foes and up to half again as much damage against particularly
   susceptible opponents.
   Big, fiery blades are also staple armaments of hydra-hunters.
   It affects your intelligence (+3).
 c - a +3 flail of protection
   (You took it off a gnoll on level 10 of the Dungeon)
Missiles
 f - 76 poisoned darts
 g - 2 javelins {=f}
 u - 20 boomerangs
 T - 6 curare-tipped darts
 V - a throwing net {=f, !d}
Armour
 Q - a +0 tower shield (worn)
   (You found it on level 10 of the Dungeon)
 U - a +2 hat (worn)
   (You found it on level 11 of the Dungeon)
Jewellery
 i - a ring of stealth (on tentacle) {Stlth+}
   (You found it on level 4 of the Lair of Beasts)
 k - a ring of willpower (left tentacle)
   (You found it on level 3 of the Dungeon)
 p - a +4 ring of slaying (on tentacle)
   (You found it on level 5 of the Lair of Beasts)
 v - the ring of Beogh's Envy (on tentacle) {rC++ Will+ rCorr Str-4 Stlth+}
   (You found it in a Gauntlet)

   [ring of resist corrosion]

   It affects your strength (-4).
   It greatly protects you from cold.
   It affects your willpower, your defense against some magical effects.
   It provides partial protection from all sources of acid and corrosion.
   It makes you more stealthy.
 y - a ring of magical power (right tentacle) {MP+9}
   (You found it on level 6 of the Dungeon)
 A - a ring of willpower (on tentacle)
   (You found it on level 6 of the Dungeon)
 L - an uncursed ring of ice {rC+, rF-}
   (You found it on level 8 of the Dungeon)
 N - an amulet of reflection (around mantle)
   (You took it off an orc wizard on level 9 of the Dungeon)
 R - a ring of wizardry (on tentacle) {Wiz+, !d}
   (You found it on level 10 of the Dungeon)
 X - a ring of flight (on tentacle) {+Fly, !d}
   (You found it on level 1 of the Lair of Beasts)
Wands
 r - a wand of acid (20)
   (You found it on level 4 of the Dungeon)
 s - a wand of enslavement (16)
   (You found it on level 4 of the Dungeon)
 F - a wand of polymorph (20)
   (You found it on level 7 of the Dungeon)
Scrolls
 h - 2 scrolls of magic mapping {!r}
 j - 7 scrolls of remove curse
 o - 4 scrolls of fog
 q - 4 scrolls of teleportation
 t - 5 scrolls of amnesia
 x - 3 scrolls of immolation {!r}
 C - a scroll of enchant weapon {unknown}
 D - 2 scrolls of blinking {!r}
 E - 3 scrolls of enchant armour {unknown}
 O - 2 scrolls of fear {unknown}
 S - 3 scrolls of torment {unknown}
 W - a scroll of random uselessness {unknown}
Potions
 d - a potion of brilliance
 e - 3 potions of mutation {!q}
 l - 4 potions of heal wounds
 m - 4 potions of attraction {!q}
 n - 8 potions of curing
 z - a potion of magic
 B - 4 potions of might
 G - 5 potions of haste
 J - a potion of resistance
 Y - a potion of ambrosia
 Z - a potion of berserk rage {!q}
Miscellaneous
 K - a phantom mirror (inert)
   (You found it on level 5 of the Lair of Beasts)


   Skills:
 + Level 7.8 Fighting
 - Level 8.0 Long Blades
 - Level 0.7(1.3) Polearms
 + Level 1.7(1.8) Staves
 - Level 10.0 Dodging
 - Level 10.0 Stealth
 * Level 8.4 Shields
 - Level 5.0 Spellcasting
 * Level 12.2 Conjurations
 - Level 5.0 Hexes
 * Level 8.5 Translocations
 + Level 2.3 Evocations


You had 11 spell levels left.
You knew the following spells:

 Your Spells              Type           Power        Failure   Level
a - Magic Dart            Conj           ####         1%          1
b - Searing Ray           Conj           ######       1%          2
c - Blink                 Tloc           N/A          1%          2
d - Dazzling Flash        Conj/Hex       #####.       2%          3
x - Iskenderun's Mystic   Conj/Tloc      ######..     4%          4

Your spell library contained the following spells:

 Spells                   Type           Power        Failure   Level
 Slow                     Hex            ####....     6%          2
 Conjure Flame            Conj/Fire      ######..     7%          3
 Fulminant Prism          Conj/Hex       #####.....   9%          4
 Mephitic Cloud           Conj/Pois/Air  #####...     16%         3
 Beastly Appendage        Tmut           #.....       26%         1
 Call Imp                 Summ           #.......     38%         2
 Wereblood                Tmut           #.......     38%         2
 Spider Form              Tmut/Pois      #.........   61%         3
 Ice Form                 Ice/Tmut       #.......     93%         4
 Blade Hands              Tmut           #.........   99%         5


Dungeon Overview and Level Annotations

Branches:
Dungeon (11/15)            Temple (1/1) D:4            Lair (6/6) D:11
  Swamp (0/4) Lair:3       Spider (0/4) Lair:2        Slime (0/5) Lair:5
    Orc (0/2) D:9         Gauntlet (1/1)

Altars:
Ashenzari
Cheibriados
Dithmenos
Elyvilon
Fedhas
Gozag
Hepliaklqana
Kikubaaqudgha
Makhleb
Nemelex Xobeh
Okawaru
Qazlal
Ru
Sif Muna
Trog
Uskayaw
Vehumet
Wu Jian
Xom
Yredelemnul
Zin
The Shining One

Shops:
D:7 [   D:9 (

Portals:
Abyss: D:9

Annotations:
D:9 2 transporters, lordlovebone's ghost, novice DgWn
Lair:2 exclusions: 2 giant cockroaches, hornet, hydra, scorpion and 2 worker ants
Lair:3 exclusion: downstairs, Nergalle
Lair:4 exclusion: oklob plant Gauntlet 6 transporters


Innate Abilities, Weirdness & Mutations

You cannot wear most types of armour.
You are very stealthy in the water. (Stealth+)
You are amphibious.
You can wear up to eight rings at the same time.
You can use your tentacles to constrict eight enemies at once.
Your skin changes colour to match your surroundings (Stealth+).
Your rubbery body absorbs attacks. (AC +1, EV +1)
Your magical capacity is low. (-10% MP)
Your natural rate of healing is unusually fast.
You are robust. (+10% HP)


Message History

The ufetubus becomes distracted by the nearby gold, dreaming of imaginary riches.
You now have 666 gold pieces (gained 27).
The centaur warrior simulacrum is no longer distracted by gold.
The ufetubus is no longer distracted by gold.
You now have 706 gold pieces (gained 40).
There is a transporter here.
You start resting.
Health restored: 102; MP restored: 28
There is a transporter here.
Okay, then.
You feel weaker.
v - the ring of Beogh's Envy (on tentacle) {rC++ Will+ rCorr Str-4 Stlth+} The +4 long sword "Umakim" {flame, Int+3} stops flaming.
a - the +3 Elemental Staff (weapon)
{rElec rF++ rC++ Will++ AC+5} You enter the transporter and appear at another place.
You open the door.
A minotaur comes into view.
It is wielding the +7 war axe of Diudycoa {drain, Dex+3} and wearing the ring "Foimoyh" {Fire Str+3}.
The minotaur bellows!
The minotaur throws a javelin.
The javelin completely misses you.
You now have 25/28 mp.
The minotaur throws a javelin.
The javelin closely misses you.
Found a gate leading back out of this place.
There is an open door here.
Aim: a minotaur, wielding the +7 war axe of Diudycoa {drain, Dex+3}, wearing quicksilver dragon scales, wearing the ring "Foimoyh" {Fire Str+3} and quivering 12 javelins (13% to evade)
The searing ray misses the minotaur. (Press . to maintain the ray.)
You now have 23/28 mp.
Aim: a minotaur, wielding the +7 war axe of Diudycoa {drain, Dex+3}, wearing quicksilver dragon scales, wearing the ring "Foimoyh" {Fire Str+3} and quivering 12 javelins (13% to evade)
The searing ray hits the minotaur! (Press . to maintain the ray.)
The minotaur barely misses you. You block the minotaur's attack.
You now have 22/28 mp.
Aim: a minotaur, wielding the +7 war axe of Diudycoa {drain, Dex+3}, wearing quicksilver dragon scales, wearing the ring "Foimoyh" {Fire Str+3} and quivering 12 javelins (lightly wounded, 13% to evade)
The searing ray hits the minotaur but does no damage. (Press . to maintain the ray.)
You now have 20/28 mp.
Aim: a minotaur, wielding the +7 war axe of Diudycoa {drain, Dex+3}, wearing quicksilver dragon scales, wearing the ring "Foimoyh" {Fire Str+3} and quivering 12 javelins (lightly wounded, 13% to evade)
The searing ray hits the minotaur. (Press . to maintain the ray.)
The minotaur completely misses you. The minotaur gores you!
You take 10 damage, and have 92/102 hp.
You now have 18/28 mp.
Aim: a minotaur, wielding the +7 war axe of Diudycoa {drain, Dex+3}, wearing quicksilver dragon scales, wearing the ring "Foimoyh" {Fire Str+3} and quivering 12 javelins (lightly wounded, 13% to evade)
The searing ray hits the minotaur but does no damage. (Press . to maintain the ray.)
You block the minotaur's attack. The minotaur gores you!
You take 12 damage, and have 80/102 hp.
You now have 16/28 mp.
Aim: a minotaur, wielding the +7 war axe of Diudycoa {drain, Dex+3}, wearing quicksilver dragon scales, wearing the ring "Foimoyh" {Fire Str+3} and quivering 12 javelins (lightly wounded, 13% to evade)
The searing ray misses the minotaur. (Press . to maintain the ray.)
The minotaur hits you with the +7 war axe of Diudycoa {drain, Dex+3}!!
You feel drained. You block the minotaur's attack.
You take 30 damage, and have 50/99 hp.
MASSIVE DAMAGE!!
You now have 14/28 mp.
The minotaur throws a javelin.
The javelin pierces through you!!
* * * LOW HITPOINT WARNING * * *
You see here a javelin {=f}.
You take 29 damage, and have 22/99 hp.
MASSIVE DAMAGE!!
The minotaur throws a javelin.
The javelin closely misses you.
The minotaur throws a javelin.
The javelin misses you.
You see here 2 javelins {=f}.
You start resting.
Health restored: 99; MP restored: 28 The minotaur bellows!
The minotaur throws a javelin.
The javelin pierces through you!!
You take 22 damage, and have 77/99 hp.
MASSIVE DAMAGE!!
You see here a javelin {=f}.
The minotaur throws a javelin.
The javelin pierces through you!!
You see here a javelin {=f}.
You take 19 damage, and have 67/99 hp.
Here: a minotaur, wielding the +7 war axe of Diudycoa {drain, Dex+3}, wearing quicksilver dragon scales, wearing the ring "Foimoyh" {Fire Str+3} and quivering 7 javelins Item here: a javelin {=f}.
The floor, spattered with blood.
Unknown command.
The minotaur throws a javelin.
The javelin closely misses you.
The minotaur throws a javelin.
The javelin closely misses you.
The minotaur throws a javelin.
The javelin misses you.
You see here a javelin {=f}.
Aim: a minotaur, wielding the +7 war axe of Diudycoa {drain, Dex+3}, wearing quicksilver dragon scales, wearing the ring "Foimoyh" {Fire Str+3} and quivering 4 javelins (chance to affect: 0%)
Okay, then.
Unknown command.
Aim: a minotaur, wielding the +7 war axe of Diudycoa {drain, Dex+3}, wearing quicksilver dragon scales, wearing the ring "Foimoyh" {Fire Str+3} and quivering 4 javelins You reflect the minotaur with the mirror!
The mirror clouds!
The minotaur throws a javelin.
The javelin pierces through you!!
You take 30 damage, and have 45/99 hp.
MASSIVE DAMAGE!!
Your minotaur closely misses the minotaur.
Your minotaur gores the minotaur but does no damage.
The minotaur throws a javelin.
The javelin pierces through you!!
* * * LOW HITPOINT WARNING * * *
You see here a javelin {=f}.
You take 24 damage, and have 21/99 hp.
MASSIVE DAMAGE!!
The minotaur throws a javelin.
The javelin pierces through you!!
You die...
Your body crumbles into a pile of gold.

###8.#8.8#.8###
#....#...#....#
#.#..#8.8#..#.#
#.#..##'##..#.#
#....(.H......#
#.#(##.#.##.#.# #
#....#((..#.#
##.#.#######.#.##
#....H....@((...#
#....H.....(....#
######......#####
###########.©..©.#########
##≈#§#≈#≈#≈########§#§#≈#§###
#...................§...§§§≈#
≈..............∩...........##
#..###########..#########..≈#
≈..##.).©...##..#.Z.©=$.#..##


You could see a minotaur and a friendly minotaur (summoned, drained).

Vanquished Creatures
  A dire elephant (Gauntlet)
  Josephine (D:11)
  5 hydras
  A catoblepas (Lair:4)
  Erica (D:11)
  4 two-headed ogres
  A bog body (Lair:3)
  A lindwurm (Lair:4)
  An ugly thing (D:11)
  Pikel (D:7)
  An oklob plant (Lair:3)
  A manticore (D:11)
  11 elephants
  A black mamba (Lair:4)
  6 cane toads
  6 rime drakes
  A gargoyle (D:10)
  12 komodo dragons
  A queen bee (Gauntlet)
  A hornet (Lair:6)
  4 dream sheep (Lair:6)
  18 blink frogs
  47 yaks
  3 wyverns
  A vampire (D:10)
  A ynoxinul (Gauntlet)
  3 wraiths (D:11)
  A steam dragon (Lair:3)
  Grum (D:8)
  A basilisk (Lair:1)
  A soldier ant (D:10)
  A swamp worm (Lair:3)
  8 water moccasins
  6 ice beasts
  6 orc warriors
  A black bear (D:11)
  4 sky beasts
  An eye of draining (D:10)
  3 ogres
  9 wolves
  10 centaurs
  2 lemures (D:7)
  A big kobold (D:10)
  17 bullfrogs
  A gnoll sergeant (D:10)
  2 scorpions
  9 killer bees
  A vampire bat (D:4)
  2 howler monkeys
  2 bullfrog zombies
  4 hounds
  7 jellies
  8 orc priests
  2 bullfrog skeletons
  6 iguanas
  3 iron imps (Gauntlet)
  13 orc wizards
  Terence (D:3)
  9 worker ants
  A statue (D:5)
  A hound zombie (D:7)
  A hound skeleton (D:4)
  2 worker ant zombies (D:11)
  14 adders
  8 gnolls
  2 shadow imps
  2 white imps
  An ufetubus (D:5)
  8 oozes (D:4)
  3 worms (D:3)
  3 dart slugs
  9 leopard geckos
  66 orcs
  3 bat skeletons (D:4)
  3 bat zombies (D:4)
  5 giant cockroaches
  5 goblins (D:1)
  11 hobgoblins
  11 jackals
  20 kobolds
  6 quokkas
  3 ball pythons
  9 bats
  7 frilled lizards
  A jackal skeleton (D:6)
  A quokka skeleton (D:9)
  2 quokka zombies
  14 rats
500 creatures vanquished.

Vanquished Creatures (others)
  27 fungi
  37 plants
  9 toadstools (D:4)
73 creatures vanquished.

Grand Total: 573 creatures vanquished

Notes
Turn   | Place    | Note
-------+----------+-------------------------------------------
     0 | D:1      | sokol815 the Octopode Conjurer began the quest for the Orb.
     0 | D:1      | Reached XP level 1. HP: 11/11 MP: 3/3
    36 | D:1      | Reached skill level 3 in Stealth
    98 | D:1      | Found a broken altar of Ashenzari.
   180 | D:1      | Reached XP level 2. HP: 9/17 MP: 1/5
   693 | D:1      | Reached XP level 3. HP: 21/21 MP: 3/6
   726 | D:1      | Reached skill level 4 in Stealth
  1548 | D:2      | Reached XP level 4. HP: 18/27 MP: 4/7
  1554 | D:2      | HP: 5/27 [rat (2)]
  1776 | D:2      | Learned a level 2 spell: Searing Ray
  1823 | D:2      | You fall into a shaft and drop 2 floors!
  1842 | D:4      | Reached skill level 5 in Stealth
  1849 | D:4      | Reached skill level 3 in Dodging
  1849 | D:4      | Reached skill level 5 in Conjurations
  1849 | D:4      | Reached XP level 5. HP: 31/31 MP: 0/8
  2029 | D:3      | Found a glowing golden altar of the Shining One.
  2215 | D:2      | Found a snail-covered altar of Cheibriados.
  2216 | D:2      | Found an ornate altar of the Wu Jian Council.
  2790 | D:3      | Reached XP level 6. HP: 36/36 MP: 4/9
  2916 | D:3      | Noticed Terence
  3013 | D:3      | Killed Terence
  3014 | D:3      | Reached skill level 4 in Dodging
  3323 | D:2      | Found a shimmering blue altar of Sif Muna.
  3323 | D:2      | Found a sacrificial altar of Ru.
  4049 | D:4      | Reached skill level 6 in Conjurations
  4275 | D:4      | Reached XP level 7. HP: 41/41 MP: 6/10
  5037 | D:4      | Reached skill level 5 in Dodging
  5175 | D:4      | Found a staircase to the Ecumenical Temple.
  5184 | Temple   | Entered the Ecumenical Temple
  5237 | Temple   | Became a worshipper of Gozag Ym Sagoz the Greedy
  5642 | D:4      | Found an ancient bone altar of Kikubaaqudgha.
  5649 | D:4      | Reached skill level 7 in Conjurations
  6116 | D:5      | Entered Level 5 of the Dungeon
  6238 | D:5      | Reached XP level 8. HP: 46/46 MP: 6/11
  6450 | D:5      | Reached skill level 8 in Conjurations
  6603 | D:5      | Found a shadowy altar of Dithmenos.
  6853 | D:5      | Found a radiant altar of Vehumet.
  7236 | D:5      | Gained mutation: You are robust. (+10% HP) [potion of
                  | mutation]
  7236 | D:5      | Gained mutation: Your magical capacity is low. (-10% MP)
                  | [potion of mutation]
  7236 | D:5      | Gained mutation: Your natural rate of healing is unusually
                  | fast. [potion of mutation]
  7312 | D:6      | Reached skill level 1 in Fighting
  7391 | D:6      | Reached skill level 2 in Fighting
  7391 | D:6      | Reached skill level 3 in Spellcasting
  7576 | D:6      | Reached skill level 3 in Fighting
  7628 | D:6      | Learned a level 2 spell: Blink
  7784 | D:6      | Reached skill level 4 in Spellcasting
  8157 | D:7      | Reached skill level 4 in Fighting
  8157 | D:7      | Reached XP level 9. HP: 63/63 MP: 13/13
  8221 | D:7      | Found a hazy altar of Hepliaklqana.
  8583 | D:7      | Reached skill level 5 in Spellcasting
  8587 | D:7      | Reached skill level 5 in Fighting
  8682 | D:7      | Reached skill level 1 in Translocations
  8872 | D:7      | Found a burning altar of Makhleb.
  8877 | D:7      | Found a basalt altar of Yredelemnul.
  8880 | D:7      | Found a shimmering altar of Xom.
  9059 | D:7      | Noticed Pikel
  9067 | D:7      | Killed Pikel
  9068 | D:7      | Reached skill level 6 in Stealth
  9068 | D:7      | Reached skill level 2 in Translocations
  9559 | D:8      | Reached skill level 6 in Dodging
  9559 | D:8      | Reached skill level 3 in Translocations
  9561 | D:8      | Reached skill level 7 in Stealth
  9564 | D:8      | Reached skill level 8 in Stealth
  9564 | D:8      | Reached XP level 10. HP: 56/72 MP: 9/15
  9568 | D:8      | Reached skill level 7 in Dodging
  9568 | D:8      | Reached skill level 1 in Long Blades
  9569 | D:8      | HP: 18/72 [yak (17)]
  9571 | D:8      | Reached skill level 2 in Long Blades
  9704 | D:8      | Reached skill level 3 in Long Blades
 10061 | D:8      | Noticed Grum
 10066 | D:8      | Killed Grum
 10067 | D:8      | Reached skill level 4 in Long Blades
 10374 | D:9      | Noticed a worldbinder
 10407 | D:9      | Found a transporter.
 10408 | D:9      | Found a transporter.
 10415 | D:9      | Noticed an orb spider
 10418 | D:9      | Reached skill level 5 in Long Blades
 10418 | D:9      | Noticed a soul eater
 10434 | D:9      | Identified the +8 trident of the Ship {distort, Str+4}
 10508 | D:9      | Found a one-way gate to the infinite horrors of the Abyss.
 10511 | D:9      | Noticed lordlovebone's ghost (novice DgWn)
 10988 | D:9      | Found a staircase to the Orcish Mines.
 11128 | D:9      | Reached skill level 6 in Long Blades
 11357 | D:9      | Reached skill level 7 in Long Blades
 11472 | D:9      | Found a stormy altar of Qazlal.
 11657 | D:9      | Learned a level 4 spell: Iskenderun's Mystic Blast
 11687 | D:10     | Entered Level 10 of the Dungeon
 11698 | D:10     | Noticed a two-headed ogre
 11708 | D:10     | Killed a two-headed ogre
 11709 | D:10     | Reached skill level 9 in Conjurations
 11771 | D:10     | Noticed a gargoyle
 11790 | D:9      | Bought a crude long sword for 204 gold pieces
 11790 | D:9      | Identified the +4 long sword "Umakim" {flame, Int+3} (You
                  | bought it in a shop on level 9 of the Dungeon)
 11997 | D:10     | Reached skill level 8 in Long Blades
 12025 | D:10     | Noticed a two-headed ogre
 12032 | D:10     | Killed a two-headed ogre
 12033 | D:10     | Reached XP level 11. HP: 78/78 MP: 16/16
 12127 | D:10     | HP: 19/78 [something (4)]
 12130 | D:10     | HP: 4/78 [something (6)]
 12673 | D:10     | Reached skill level 4 in Translocations
 13149 | D:10     | Noticed a two-headed ogre
 13194 | D:10     | Killed a two-headed ogre
 13332 | D:10     | Reached skill level 8 in Dodging
 13522 | D:11     | Noticed a red ugly thing
 13531 | D:11     | Noticed a five-headed hydra
 13543 | D:11     | Killed a five-headed hydra
 13544 | D:11     | Reached skill level 10 in Conjurations
 13544 | D:11     | Reached skill level 5 in Translocations
 13693 | D:11     | Noticed Josephine
 13746 | D:11     | Killed Josephine
 13967 | D:11     | Found a staircase to the Lair.
 13997 | D:11     | Noticed a manticore
 14007 | D:11     | Killed a manticore
 14008 | D:11     | Reached skill level 9 in Dodging
 14351 | D:11     | Noticed a two-headed ogre
 14361 | D:11     | Killed a two-headed ogre
 14362 | D:11     | Reached skill level 11 in Conjurations
 14362 | D:11     | Reached XP level 12. HP: 40/84 MP: 16/17
 14642 | D:11     | Noticed Erica
 14652 | D:11     | Killed Erica
 14872 | Lair:1   | Entered Level 1 of the Lair of Beasts
 14924 | Lair:1   | Learned a level 3 spell: Dazzling Flash
 14936 | Lair:1   | Reached skill level 10 in Dodging
 15092 | Lair:1   | Noticed a seven-headed hydra
 16001 | Lair:2   | Reached skill level 12 in Conjurations
 16089 | Lair:2   | Reached skill level 1 in Hexes
 16136 | Lair:2   | Reached skill level 2 in Hexes
 16419 | Lair:2   | Found a hole to the Spider Nest.
 16541 | Lair:2   | Reached skill level 3 in Hexes
 16543 | Lair:2   | Reached skill level 6 in Translocations
 16897 | Lair:2   | Noticed a seven-headed hydra
 17095 | Lair:2   | Reached skill level 4 in Hexes
 17505 | Lair:3   | Noticed Nergalle
 17604 | Lair:3   | Found a staircase to the Swamp.
 17732 | Lair:3   | Reached skill level 7 in Translocations
 17852 | Lair:3   | Reached skill level 5 in Hexes
 17856 | Lair:3   | HP: 16/84 [wyvern (11)]
 18145 | Lair:3   | Reached skill level 8 in Translocations
 18341 | Lair:3   | Found a stormy altar of Qazlal.
 18490 | Lair:3   | Reached skill level 1 in Shields
 18490 | Lair:3   | Reached XP level 13. HP: 64/89 MP: 18/18
 19050 | Lair:4   | Found a basalt altar of Yredelemnul.
 19096 | Lair:4   | Reached skill level 2 in Shields
 19108 | Lair:4   | HP: 20/90 [elephant (7)]
 19110 | Lair:4   | Reached skill level 3 in Shields
 19277 | Lair:4   | Reached skill level 9 in Stealth
 19439 | Lair:4   | Reached skill level 4 in Shields
 19607 | Lair:4   | Reached skill level 6 in Fighting
 19819 | Lair:4   | Reached skill level 5 in Shields
 20453 | Lair:5   | Found a staircase to the Slime Pits.
 20565 | Lair:5   | HP: 15/92 [four-headed hydra (15)]
 20763 | Lair:5   | Reached skill level 10 in Stealth
 20897 | Lair:5   | Reached skill level 6 in Shields
 21040 | Lair:5   | Reached skill level 7 in Fighting
 21370 | Lair:5   | Reached skill level 7 in Shields
 22608 | D:9      | Bought the +3 Elemental Staff {rElec rF++ rC++ Will++ AC+5}
                  | for 2277 gold pieces
 22608 | D:9      | Found the +3 Elemental Staff {rElec rF++ rC++ Will++ AC+5}
 22916 | Lair:4   | Reached skill level 1 in Evocations
 23098 | Lair:5   | Reached skill level 8 in Shields
 23098 | Lair:5   | Reached XP level 14. HP: 72/101 MP: 16/19
 23184 | Lair:6   | Entered Level 6 of the Lair of Beasts
 23277 | Lair:6   | Found a gate leading to a gauntlet.
 23285 | Lair:6   | Reached skill level 1 in Staves
 23308 | Lair:6   | Paralysed by a hornet for 1 turns
 23310 | Lair:6   | Paralysed by a hornet for 1 turns
 23330 | Gauntlet | Entered a Gauntlet
 23330 | Gauntlet | Found a transporter.
 23330 | Gauntlet | Found a transporter.
 23330 | Gauntlet | Found a transporter.
 23400 | Gauntlet | Found a transporter.
 23402 | Gauntlet | Found a transporter.
 23404 | Gauntlet | Found a transporter.
 23410 | Gauntlet | Found a transporter.
 23412 | Gauntlet | Found a transporter.
 23413 | Gauntlet | Found a transporter.
 23415 | Gauntlet | Found a transporter.
 23422 | Gauntlet | Noticed a dire elephant
 23423 | Gauntlet | Found a transporter.
 23424 | Gauntlet | Found a transporter.
 23604 | Gauntlet | Reached skill level 2 in Evocations
 23814 | Gauntlet | Got an ancient jade ring
 23832 | Gauntlet | Killed a dire elephant
 23936 | Gauntlet | Identified the ring of Beogh's Envy {rC++ Will+ rCorr Str-4
                  | Stlth+} (You found it in a Gauntlet)
 23947 | Gauntlet | Identified the +7 war axe of Diudycoa {drain, Dex+3}
 23947 | Gauntlet | Identified the ring "Foimoyh" {Fire Str+3}
 23957 | Gauntlet | HP: 22/99 [minotaur/javelin (29)]
 24115 | Gauntlet | HP: 21/99 [minotaur/javelin (25)]
 24116 | Gauntlet | Hit by a javelin thrown by a minotaur

Illustrated notes

Levels and vault maps discovered:
D:1:      minmay_arrival_hallway, layout_basic, nicolae_ashenzari_panopticon
D:2:      layout_basic, nicolae_overflow_hidden_temple, serial_glass,
          glass_columns_c, glass_columns_a
D:3:      layout_rooms, nicolae_tso_carved_into_rock, uniq_terence
D:4:      cheibrodos_fertilizer, layout_layer_cave, kennysheep_vampire_church,
          temple_fountains
D:5:      layout_gridville, lemuel_doored_altar, vehumet_statue
D:6:      layout_rooms
D:7:      layout_loops_ring, kennysheep_mini_moat,
          grunt_temple_overflow_diamond, serial_bayou_pond_e, uniq_pikel
D:8:      layout_basic, uniq_grum
D:9:      layout_roguey, lemuel_coloured_pillars_altar, hiddenorc1_lemuel,
          gammafunk_ghost_abyssal_escape
D:10:     layout_long_grid, grunt_tough_drop
D:11:     layout_irregular_city, lair_entry_dummy, corexii_checkpoint_a,
          uniq_josephine, uniq_erica
Temple:   jpeg_temple_island
Lair:1:   layout_chaotic_city, hibernation_bobbens
Lair:2:   layout_roguey, nicolae_spider_entry_non_spiders, minivault_26,
          beast_lair_carwin_1
Lair:3:   layout_cave_pods, nicolae_swamp_entry_splash_gauntlet, basic_altar,
          columned_hall_lemuel, minmay_lair_oklob_chamber, uniq_nergalle
Lair:4:   layout_roguey, lemuel_oklob_altar, grunt_megastairs_4
Lair:5:   layout_cave_pods, dpeg_slime_entry_corner, minmay_lair_drake_nest
Lair:6:   gammafunk_lair_ancient_temple, layout_cave_shapes,
          gauntlet_entry_generic, serial_rivers, chequers_serial_rivers_micro_c,
          chequers_serial_rivers_micro_c, chequers_serial_rivers_marsh,
          chequers_serial_rivers_small_b, chequers_serial_rivers_micro_b,
          chequers_serial_rivers_small_a, chequers_serial_rivers_small_a,
          st_stairs_9
Gauntlet: minmay_gauntlet_mixed_big_or_small [gammafunk_gauntlet_arena_teeth,
          minmay_gauntlet_arena_77_checkered, nicolae_gauntlet_arena_t_cross,
          minmay_gauntlet_arena_77_two_lines, nicolae_gauntlet_arena_x,
          minmay_gauntlet_arena_77_broken_ladder,
          nicolae_gauntlet_exit_dead_adventurers]

Skill      XL: |  1  2  3  4  5  6  7  8  9 10 11 12 13 14 |
---------------+-------------------------------------------+-----
Stealth        | 3 4 5 8 10 | 10.0
Dodging        | 3 4 5 6 7 9 10 | 10.0
Conjurations   | 5 6 7 8 9 11 12 | 12.2
Fighting       | 4 5 7 |  7.8
Spellcasting   | 4 5 |  5.0
Translocations | 3 5 8 |  8.5
Long Blades    | 8 |  8.0
Hexes          | 5 |  5.0
Shields        | 1 8 |  8.4
Evocations     | 1 2 |  2.3
Staves         | 1 |  1.7
Polearms       | |  0.7

Action                   |  1- 3 |  4- 6 |  7- 9 | 10-12 | 13-15 || total
-------------------------+-------+-------+-------+-------+-------++-------
Melee: Unarmed           |     7 |       |       |       |       ||     7
       Constrict         |     7 |     7 |     7 |     5 |     9 ||    35
       Tentacles         |     3 |     2 |     8 |     4 |    14 ||    31
       Club              |    10 |       |       |       |       ||    10
       Short sword       |     5 |    24 |       |       |       ||    29
       Falchion          |       |     2 |     8 |       |       ||    10
       Long sword        |       |       |     6 |    18 |    20 ||    44
       Scimitar          |       |       |     3 |     6 |       ||     9
       Staff             |       |       |       |       |    27 ||    27
 Cast: Magic Dart        |    66 |     7 |       |       |       ||    73
       Searing Ray       |       |    45 |    84 |   202 |    91 ||   422
       Iskenderun's Myst |       |       |       |       |    44 ||    44
       Dazzling Flash    |       |       |       |       |     2 ||     2
Invok: Call Merchant     |       |       |     1 |     1 |       ||     2
Evoke: Wand              |       |       |       |     4 |     2 ||     6
       Phantom mirror    |       |       |       |       |     1 ||     1
  Use: Scroll            |     3 |     1 |     5 |     8 |     6 ||    23
       Potion            |       |     1 |     1 |     1 |     2 ||     5
 Stab: Sleeping          |       |     2 |     1 |       |       ||     3
       Distracted        |       |       |       |     1 |       ||     1
Armor: Skin              |       |     3 |     5 |     7 |    20 ||    35
Dodge: Dodged            |    21 |    35 |    45 |    67 |    88 ||   256
Block: Other             |       |       |       |     2 |       ||     2
       Tower shield      |       |       |       |   101 |   189 ||   290
       Reflection        |       |       |       |    20 |     1 ||    21
       Rpst.: Falchion   |       |     1 |     4 |       |       ||     5
       Long sword        |       |       |     1 |    10 |    18 ||    29
       Scimitar          |       |       |       |     5 |       ||     5

Table legend: (Time is in decaauts)
 A = Elapsed time spent in this place.
 B = Non-inter-level travel time spent in this place.
 C = Inter-level travel time spent in this place.
 D = Time resting spent in this place.
 E = Time spent auto-exploring this place.
 F = Levels seen in this place.
 G = Mean time per level.
                   A        B        C        D        E       F      G
               +--------+--------+--------+--------+--------+-----+--------+
         Total |  24152 |  23198 |    954 |   7155 |  12324 |  19 | 1271.2 |
       Dungeon |  14998 |  14432 |    566 |   4645 |   7497 |  11 | 1363.5 |
        Temple |     65 |     53 |     12 |      0 |     44 |   1 |   65.0 |
          Lair |   8303 |   7928 |    375 |   2199 |   4572 |   6 | 1383.8 |
      Gauntlet |    784 |    784 |      0 |    311 |    211 |   1 |  784.0 |
               +--------+--------+--------+--------+--------+-----+--------+

Top non-repeatable levels by time:
     D:4: 2868 daAuts
  Lair:5: 2194 daAuts
  Lair:3: 1874 daAuts
    D:10: 1743 daAuts
    D:11: 1595 daAuts
  Lair:1: 1460 daAuts
  Lair:4: 1452 daAuts
     D:9: 1414 daAuts
  Lair:2: 1214 daAuts
     D:5: 1177 daAuts
     D:3: 1149 daAuts
     D:7: 1134 daAuts
     D:8: 1118 daAuts
     D:2: 1042 daAuts
     D:1: 1028 daAuts

Table legend:
 A = Kills in this place as a percentage of kills in entire the game.
 B = Kills by you in this place as a percentage of kills by you in the entire game.
 C = Kills by friends in this place as a percentage of kills by friends in the entire game.
 D = Other kills in this place as a percentage of other kills in the entire game.
 E = Experience gained in this place as a percentage of experience gained in the entire game.
 F = Experience gained in this place divided by the number of levels of this place that you have seen.
                   A       B       C       D       E      F
               +-------+-------+-------+-------+-------+----------------------
         Total | 100.0 | 100.0 |   N/A |   N/A | 100.0 | 3246.2
       Dungeon |  70.3 |  70.3 |   N/A |   N/A |  32.5 | 1820.4
          Lair |  27.3 |  27.3 |   N/A |   N/A |  62.6 | 6432.5
      Gauntlet |   2.4 |   2.4 |   N/A |   N/A |   5.0 | 3058.0
               +-------+-------+-------+-------+-------+----------------------
